Map: [ESL] Moondance

Players

Maru - Winner!

  • Race: Terran Terran
  • Spawn Location: 6:00

HeroMarine

  • Race: Terran Terran
  • Spawn Location: 12:00

Event: DreamHack SC2 Masters 2022 Valencia

VOD

https://youtu.be/RRvP0RRE8qI

Description

Time

  • Played on: July 2, 2022, 2:19 p.m.
  • Length: 4:21

All games in this series

Show
View Real Time Build Order
Export as new Build Order

Maru Terran - Winner!

Build Orders:  

Get SALT Encoding   

  12  0:00  SCV  
  13  0:15  Supply Depot  
  13  0:17  SCV  
  14  0:37  Barracks  
  14  0:40  Refinery  
  14  0:53  Barracks  
  14  0:58  SCV  
  15  1:10  SCV  
  16  1:24  Orbital Command, Reaper  
  17  1:31  Refinery  
  17  1:40  Reaper  
  18  1:50  SCV  
  19  1:56  Supply Depot  
  19  1:58  Reaper  
  20  2:02  SCV  
  21  2:12  Reaper  
  21  2:14  SCV  
  23  2:26  SCV  
  24  2:30  Reaper  
  24  2:35  Factory  
  25  2:38  SCV  
  26  2:48  Supply Depot  
  26  2:50  SCV, Reaper  
  28  3:02  SCV  
  28  3:05  Reaper  
  30  3:14  SCV  
  30  3:16  Command Center  
  31  3:21  Hellion  
  31  3:26  Reaper  
  34  3:29  SCV  
  35  3:38  Starport  
  35  3:41  SCV  
  35  3:47  Hellion  
  38  3:53  SCV  
  38  3:55  Supply Depot  
  39  4:05  SCV  
Show
View Real Time Build Order
Export as new Build Order

HeroMarine Terran 

Build Orders:  

Get SALT Encoding   

  12  0:00  SCV  
  13  0:12  SCV  
  14  0:17  Supply Depot  
  14  0:24  SCV  
  15  0:38  SCV  
  15  0:39  Barracks  
  16  0:43  Refinery  
  16  0:50  SCV  
  16  0:53  Refinery  
  17  1:02  SCV  
  18  1:14  SCV  
  19  1:26  Reaper  
  19  1:27  Orbital Command  
  19  1:31  Supply Depot  
  20  1:40  Factory  
  20  1:52  SCV  
  21  1:58  Reaper  
  22  2:04  SCV  
  23  2:16  SCV  
  23  2:17  Command Center  
  23  2:28  SCV  
  22  2:30  Marine  
  22  2:35  Hellion  
  24  2:41  SCV  
  24  2:48  Marine  
  25  2:54  SCV  
  25  2:56  Hellion  
  28  3:05  Supply Depot  
  28  3:06  SCV  
  29  3:12  Marine  
  29  3:18  SCV  
  31  3:27  Hellion  
  31  3:29  Supply Depot  
  31  3:30  SCV  
  34  3:36  Barracks Reactor  
  34  3:37  Orbital Command  
  34  3:44  SCV, Starport  
  35  3:49  Factory Tech Lab  
  35  3:56  SCV  
  35  4:06  SCV  

Tags
 
Add a new tag
Caveats
  • Supply blocks, unpowered buildings, or Contaminate may cause inaccurate times.
  • Supply counts are checked every 10 seconds.